 Dungeon Crawl Stone Soup version 0.30-a0-364-gf6b3ef1049 (webtiles) character file.

Game seed: 1761643747030922206

2786 koil the Ruffian (level 9, -4/133 HPs)
             Began as a Troll Berserker on Nov 15, 2022.
             Was a High Priest of Trog.
             Killed from afar by an electric eel (10 damage)
             ... with a bolt of electricity
             ... on level 8 of the Dungeon on Nov 16, 2022.
             The game lasted 00:14:15 (6196 turns).

koil the Ruffian (Troll Berserker)                  Turns: 6196, Time: 00:14:17

Health: -4/133     AC:  8    Str: 31    XL:     9   Next: 43%
Magic:  8/8        EV: 12    Int:  3    God:    Trog [*****.]
Gold:   557        SH:  0    Dex: 15    Spells: 8/8 levels left

rFire   . . .      SeeInvis .      - Unarmed
rCold   . . .      Faith    .    (no shield)
rNeg    . . .      Spirit   .    v - +0 steam dragon scales
rPois   .          Reflect  .    (helmet restricted)
rElec   .          Harm     .    (no cloak)
rCorr   .          Rampage  .    (gloves unavailable)
Will    .....                    (boots unavailable)
Stlth   ..........               (no amulet)
HPRegen 1.22/turn                s - +6 ring of dexterity
MPRegen 0.11/turn                (no ring)

@: berserking (expiring), very quick
A: large, unfitting armour, claws 3, regeneration 1, shaggy fur 1, tough skin 1
a: Renounce Religion, Berserk, Trog's Hand, Brothers in Arms


You were on level 8 of the Dungeon.
You worshipped Trog.
Trog was extremely pleased with you.
You visited 1 branch of the dungeon, and saw 8 of its levels.

You collected 557 gold pieces.

Inventory:

Missiles
 i - 10 poisoned darts (quivered)
 r - a throwing net {!f}
Armour
 v - +0 steam dragon scales (worn)
Jewellery
 s - a +6 ring of dexterity (left claw)
 C - an amulet of magic regeneration
Wands
 t - a wand of paralysis (6)
 y - a wand of mindburst (18)
 A - a wand of flame (16)
Scrolls
 b - 2 scrolls of amnesia {unknown}
 e - 4 scrolls of fear {unknown}
 f - 5 scrolls of teleportation {unknown}
 g - a scroll of noise {unknown}
 j - 3 scrolls of vulnerability {unknown}
 k - 9 scrolls of identify {unknown}
 m - 2 scrolls of magic mapping {unknown}
 p - a scroll of enchant armour {unknown}
 q - 2 scrolls of immolation {unknown}
 w - a scroll of poison {unknown}
 B - a scroll of fog {unknown}
 D - a scroll of summoning {unknown}
Potions
 a - 2 potions of attraction {unknown}
 c - 3 potions of cancellation {unknown}
 d - 2 potions of degeneration {unknown}
 h - 6 potions of curing {unknown}
 l - a potion of lignification {unknown}
 n - a potion of haste
 o - a potion of berserk rage {unknown}
 u - 2 potions of heal wounds {unknown}
 x - a potion of might {unknown}
 z - a potion of mutation {unknown}


   Skills:
 + Level 5.9 Fighting
 + Level 5.2 Armour
 + Level 5.9 Dodging
 + Level 7.2 Unarmed Combat


You had 8 spell levels left.
You didn't know any spells.
Your spell library was empty.

Dungeon Overview and Level Annotations

Branches:
Dungeon (8/15)             Temple (0/1) D:6
   Lair: D:8-11

Altars:
Ashenzari
Nemelex Xobeh
Qazlal
Ru
Trog
Uskayaw
Vehumet
Xom
Zin

Shops:
D:5 :   D:6 :


Innate Abilities, Weirdness & Mutations

You are too large for most types of armour.
You have claws for hands.
Your natural rate of healing is unusually fast.
You are covered in fur. (AC +1)
You have tough skin. (AC +1)


Message History

The troll claws you.
* * * LOW HITPOINT WARNING * * *
A red film seems to cover your vision as you go berserk!
You feel yourself moving faster!
You feel mighty!
A hound comes into view.
The troll closely misses you. The troll claws you!
* * * LOW HITPOINT WARNING * * *
The troll claws you but does no damage.
The hound barks!
You claw the troll!
The troll is severely wounded.
You barely miss the troll.
The troll is severely wounded.
The troll misses you. The troll claws you.
* * * LOW HITPOINT WARNING * * *
The troll claws you but does no damage.
Okay, then.
Unknown command.
You closely miss the troll. Your claw misses the troll.
The troll is severely wounded.
You claw the troll!
You kill the troll!
Trog accepts your kill.
The troll leather armour is intact enough to wear.
Something hits you but does no damage.
You feel a strong urge to attack something.
A hound comes into view.
The hound misses you.
The orc priest invokes the aid of Beogh against you.
Beogh smites you!
* * * LOW HITPOINT WARNING * * *
You hear some strange, mumbled words.
Something tries to affect you, but you resist.
The hound barks!
You mangle the hound!!
You kill the hound!
Trog accepts your kill.
The electric eel shoots out a bolt of lightning at you!
The bolt of electricity hits you!
You die...

~.~~.~.≈S≈.~....#.. #..
..~~.~.~≈~~.... #..##..
...~...~S....h.. #)....
...............# ##...P
..............# ....♣.~
...[..........#####.P~~.
................#>#P~P~~
......o†o...........~~.~
.....##@........##.P~~~~
##. #.[.......##..P~~~
#.. ##...#.....# #P..
#..#..........##.##...
#...(...##...#.......
#..#....# ...........
♣.........##...........
♣..##...>..............
♣...###.......(##...[...


You could see a hound, an electric eel and 2 orc priests.

Vanquished Creatures
  A troll (D:8)
  A yak (D:8)
  A steam dragon (D:6)
  A water moccasin (D:5)
  2 sky beasts
  2 black bears
  An ice beast (D:5)
  An orc warrior (D:7)
  2 phantoms (D:4)
  4 bullfrogs
  A scorpion (D:7)
  5 wights (D:7)
  An electric eel (D:7)
  2 howler monkeys
  A gnoll bouda (D:7)
  2 hounds
  4 jellies
  2 orc priests
  7 iguanas
  3 orc wizards
  Robin (D:4)
  12 gnolls
  7 adders
  A shadow imp (D:5)
  2 white imps
  A worm (D:4)
  3 dart slugs
  21 orcs
  8 endoplasms
  3 giant cockroaches
  15 goblins
  8 hobgoblins
  4 jackals (D:2)
  6 kobolds
  3 quokkas
  8 ball pythons
  9 bats
  9 frilled lizards
  7 rats
172 creatures vanquished.

Notes
Turn   | Place    | Note
-------+----------+-------------------------------------------
     0 | D:1      | koil the Troll Berserker began the quest for the Orb.
     0 | D:1      | Reached XP level 1. HP: 22/22 MP: 0/0
   144 | D:1      | Reached XP level 2. HP: 29/29 MP: 1/1
   375 | D:1      | Reached ** piety under Trog
   609 | D:1      | Reached XP level 3. HP: 36/36 MP: 2/2
   773 | D:2      | Reached skill level 1 in Armour
  1040 | D:2      | Found a sparkling altar of Nemelex Xobeh.
  1239 | D:3      | Noticed a centaur
  1249 | D:3      | Reached *** piety under Trog
  1262 | D:3      | Reached XP level 4. HP: 39/44 MP: 3/3
  1716 | D:4      | Noticed a phantom
  1727 | D:4      | Killed a phantom
  1728 | D:4      | Reached skill level 4 in Unarmed Combat
  1728 | D:4      | Reached XP level 5. HP: 39/53 MP: 4/4
  1978 | D:4      | Noticed Robin
  1988 | D:4      | Killed Robin
  2323 | D:4      | Reached XP level 6. HP: 46/61 MP: 5/5
  2668 | D:5      | Entered Level 5 of the Dungeon
  2775 | D:5      | Found a radiant altar of Vehumet.
  2775 | D:5      | Noticed an ice beast
  2779 | D:5      | Found a bloodstained altar of Trog.
  2786 | D:5      | Killed an ice beast
  2827 | D:5      | Reached **** piety under Trog
  2828 | D:5      | Reached XP level 7. HP: 68/68 MP: 6/6
  3005 | D:5      | Reached skill level 5 in Unarmed Combat
  3069 | D:5      | Found Tificzaez's Tremendous Tomes.
  3252 | D:5      | Found a hide-covered altar of Uskayaw.
  3974 | D:6      | Noticed a steam dragon
  3985 | D:6      | Killed a steam dragon
  4026 | D:6      | Found a broken altar of Ashenzari.
  4289 | D:6      | Reached XP level 8. HP: 77/79 MP: 7/7
  4367 | D:6      | Found a staircase to the Ecumenical Temple.
  4458 | D:6      | Found Ruthraoz's Book Boutique.
  5215 | D:7      | Reached skill level 6 in Unarmed Combat
  5249 | D:7      | Reached skill level 5 in Fighting
  5251 | D:7      | Reached skill level 5 in Dodging
  5450 | D:7      | Found a stormy altar of Qazlal.
  5539 | D:7      | Reached XP level 9. HP: 88/88 MP: 8/8
  5636 | D:7      | Found a sacrificial altar of Ru.
  5637 | D:7      | Found a shimmering altar of Xom.
  5816 | D:7      | Found a glowing silver altar of Zin.
  6052 | D:8      | Reached ***** piety under Trog
  6069 | D:8      | Reached skill level 5 in Armour
  6072 | D:8      | Reached skill level 7 in Unarmed Combat
  6173 | D:8      | Noticed a troll
  6187 | D:8      | HP: 16/89 [troll (5)]
  6193 | D:8      | Killed a troll
  6195 | D:8      | HP: 5/133 [orc priest/divine providence (14)]
  6196 | D:8      | Killed from afar by an electric eel

Illustrated notes

Levels and vault maps discovered:
D:1:      lemuel_arrival_behind_the_door_small, layout_loops_cross
D:2:      layout_basic, basic_altar
D:3:      layout_basic
D:4:      layout_loops_corners, nicolae_elevator_lobby_plus, uniq_robin
D:5:      layout_layer_cave, jmf_multi_god_temple, old_standard_altar,
          nicolae_shop_i_like_big_books
D:6:      layout_basic, mainiacjoe_overflow_24_doors, minmay_temple_entry_mist,
          serial_shops, nicolae_shop_hallway_plus
D:7:      layout_rooms, lemuel_coloured_pillars_altar,
          mainiacjoe_overflow_six_doors_small, mainiacjoe_overflow_divided_tiny,
          minmay_misc_feat_iff, nicolae_kite_square_tiling_tiny
D:8:      layout_cave_pools, lemuel_tele_altar, erik_lair_island, serial_bayou,
          serial_bayou_shore_a, serial_bayou_pond_b, serial_bayou_ford_a,
          serial_bayou_lagoon_a, onia_ninara_dug_in_and_dangerous, uniq_grum

Skill      XL: |  1  2  3  4  5  6  7  8  9 |
---------------+----------------------------+-----
Armour         | 1 2 3 4 5 |  5.2
Fighting       | 3 4 5 |  5.9
Dodging        | 3 4 5 |  5.9
Unarmed Combat | 4 5 6 7 |  7.2

Action                   |  1- 3 |  4- 6 |  7- 9 || total
-------------------------+-------+-------+-------++-------
Melee: Unarmed           |   145 |   125 |   203 ||   473
       Punch             |     2 |     2 |     5 ||     9
Invok: Berserk           |       |     3 |     3 ||     6
 Stab: Sleeping          |     1 |       |     4 ||     5
Armor: Animal skin       |    52 |    28 |    15 ||    95
       Steam dragon scal |       |       |    47 ||    47
Dodge: Dodged            |    81 |    61 |   110 ||   252

Table legend: (Time is in decaauts)
 A = Elapsed time spent in this place.
 B = Non-inter-level travel time spent in this place.
 C = Inter-level travel time spent in this place.
 D = Time resting spent in this place.
 E = Time spent auto-exploring this place.
 F = Levels seen in this place.
 G = Mean time per level.
                   A        B        C        D        E       F      G
               +--------+--------+--------+--------+--------+-----+--------+
         Total |   6191 |   6054 |    137 |    239 |   4844 |   8 |  773.9 |
       Dungeon |   6191 |   6054 |    137 |    239 |   4844 |   8 |  773.9 |
               +--------+--------+--------+--------+--------+-----+--------+

Top non-repeatable levels by time:
     D:6: 1284 daAuts
     D:5: 1254 daAuts
     D:4: 1015 daAuts
     D:7: 837 daAuts
     D:1: 765 daAuts
     D:2: 460 daAuts
     D:3: 425 daAuts
     D:8: 148 daAuts
